 Dungeon Crawl Stone Soup version 0.23-a0-808-gd21de94 (webtiles) character file.

10 tidbits the Conjurer (level 2, 13/34 HPs)
             Began as a Gnoll Wanderer on Jan 20, 2019.
             Quit the game on level 1 of the Dungeon.
             The game lasted 00:02:51 (270 turns).

tidbits the Conjurer (Gnoll Wanderer)                Turns: 270, Time: 00:02:52

Health: 13/34      AC: 21    Str: 13    XL:     2   Next: 20%
Magic:  2/2        EV:  2    Int: 13    God:
Gold:   13         SH:  0    Dex: 16    Spells: 1/1 levels left

rFire    . . .     SeeInvis .   a - +0 dagger
rCold    . . .     Gourm    .   (no shield)
rNeg     + + +     Faith    .   (armour currently unavailable)
rPois    +         Spirit   .   (helmet currently unavailable)
rElec    .         Reflect  .   (cloak currently unavailable)
rCorr    .         Harm     .   (gloves currently unavailable)
MR       .....     NoTele   +   (boots currently unavailable)
Stlth    ++........             (no amulet)
HPRegen  0.11/turn              (no ring)
MPRegen  0.08/turn              (no ring)

@: tree-form (expiring)
A: distributed training, strong nose
a: no special abilities


You were on level 1 of the Dungeon.
You were full.
You were a tree.
You visited 1 branch of the dungeon, and saw 2 of its levels.

You collected 13 gold pieces.

Inventory:

Hand Weapons
 a - a +0 dagger (weapon)
 g - a +0 short sword
 m - a +0 dagger
Missiles
 j - 19 sling bullets
 l - 21 arrows
Armour
 k - a +0 robe
 B - a +0 ring mail (melded)
Scrolls
 d - a scroll of random uselessness {unknown}
 f - a scroll of fear {unknown}
 h - a scroll of enchant armour {unknown}
 i - a scroll of identify {unknown}
 t - 2 scrolls of teleportation
Comestibles
 c - a ration


   Skills:
 + Level 2.4 Fighting
 + Level 0.3 Short Blades
 + Level 0.3 Long Blades
 + Level 0.3 Axes
 + Level 0.3 Maces & Flails
 + Level 0.3 Polearms
 + Level 0.3 Staves
 + Level 0.3 Slings
 + Level 0.3 Bows
 + Level 4.4 Crossbows
 + Level 4.4 Throwing
 + Level 0.3 Armour
 + Level 0.3 Dodging
 + Level 0.3 Stealth
 + Level 0.3 Shields
 + Level 0.3 Unarmed Combat
 + Level 0.3 Spellcasting
 + Level 5.3 Conjurations
 + Level 0.2 Hexes
 + Level 0.2 Charms
 + Level 0.2 Summonings
 + Level 0.2 Necromancy
 + Level 3.7 Translocations
 + Level 0.2 Transmutations
 + Level 0.2 Fire Magic
 + Level 0.2 Ice Magic
 + Level 0.2 Air Magic
 + Level 0.2 Earth Magic
 + Level 0.2 Poison Magic
 + Level 0.4 Invocations
 + Level 0.3 Evocations


You had one spell level left.
You didn't know any spells.
Your spell library contained the following spells:

 Spells                   Type           Power        Failure   Level  Hunger
 Magic Dart               Conj           ##..         3%          1    ##.....
 Sandblast                Erth           #.....       28%         1    ##.....
 Blink                    Tloc           N/A          10%         2    ###....
 Conjure Flame            Conj/Fire      #.......     28%         3    ####...
 Stone Arrow              Conj/Erth      #.....       28%         3    ####...
 Call Imp                 Summ           #.......     38%         2    ###....
 Slow                     Hex            #.......     38%         2    ###....
 Mephitic Cloud           Conj/Pois/Air  #.......     38%         3    ####...


Dungeon Overview and Level Annotations

Branches:
Dungeon (2/15)

Altars:
Ru


Innate Abilities, Weirdness & Mutations

Your experience applies equally to all skills.
((You have very sharp teeth.))
Your uncanny sense of smell can sniff out nearby items.


Message History

Aim: a rat (hasn't noticed you)
You throw a stone. The stone hits the rat.
You kill the rat!
Things that are here:
2 stones; a goblin corpse
b - 5 stones (gained 2)
Things that are here:
3 stones; a +0 dagger
m - a +0 dagger;
b - 8 stones (gained 3)
A bat comes into view.
The gnoll shouts!
The gnoll drinks a potion.
The gnoll seems to speed up.
Found a bronze ring.
You see here a stone.
b - 9 stones (gained 1)
A goblin comes into view.
You closely miss the bat. The bat misses you.
You hit the bat. You bite the bat, but do no damage.
The bat is severely wounded.
The bat hits you but does no damage.
It was a potion of lignification.
You turn into a tree.
Your +0 ring mail melds into your body.
Your roots penetrate the ground.
The bat hits you but does no damage. The gnoll hits you but does no damage.
You hit the bat.
You kill the bat!
The gnoll hits you but does no damage.
Throwing (i - inventory)
b - 9 stones (quivered)
Press: ? - help, Shift-Dir - straight line, f - gnoll
Aim: a gnoll, wielding a +0 spear (fast)
You throw a stone. The stone barely misses the gnoll.
The stone hits the goblin but does no damage.
The gnoll hits you but does no damage.
Throwing (i - inventory)
b - 8 stones (quivered)
Press: ? - help, Shift-Dir - straight line, f - gnoll
Aim: a gnoll, wielding a +0 spear (fast)
You throw a stone.
The stone hits the gnoll but does no damage.
The gnoll hits you but does no damage.
The goblin throws a stone.
The stone hits you but does no damage. The gnoll hits you but does no damage.
Throwing (i - inventory)
b - 7 stones (quivered)
Press: ? - help, Shift-Dir - straight line, f/p - gnoll
Aim: a gnoll, wielding a +0 spear (fast)
You throw a stone. The stone hits the gnoll.
The gnoll is lightly wounded.
The gnoll hits you from afar with a +0 spear.
* * * LOW HITPOINT WARNING * * *
The goblin throws a stone.
The stone hits you but does no damage.
Throwing (i - inventory)
b - 6 stones (quivered)
Press: ? - help, Shift-Dir - straight line, f/p - gnoll
Aim: a gnoll, wielding a +0 spear (lightly wounded, fast)
You throw a stone.
The stone hits the gnoll but does no damage.
The gnoll is lightly wounded.
The gnoll hits you but does no damage.
The goblin throws a stone.
The stone hits you but does no damage.
Throwing (i - inventory)
b - 5 stones (quivered)
Press: ? - help, Shift-Dir - straight line, f/p - gnoll
Aim: a gnoll, wielding a +0 spear (lightly wounded, fast)
You throw a stone. The stone hits the gnoll.
The gnoll is lightly wounded.
The gnoll hits you from afar with a +0 spear.
* * * LOW HITPOINT WARNING * * *
The gnoll hits you but does no damage.
Throwing (i - inventory)
b - 4 stones (quivered)
Press: ? - help, Shift-Dir - straight line, f/p - gnoll
Aim: a gnoll, wielding a +0 spear (lightly wounded, fast)
You throw a stone. The stone barely misses the gnoll.
Your transformation is almost over.
The goblin throws a stone.
The stone hits you but does no damage. The gnoll hits you but does no damage.
Throwing (i - inventory)
b - 3 stones (quivered)
Press: ? - help, Shift-Dir - straight line, f/p - gnoll
Aim: a gnoll, wielding a +0 spear (lightly wounded, fast)
You throw a stone. The stone closely misses the gnoll.
The goblin throws a stone.
The stone hits you but does no damage. The gnoll barely misses you.
Throwing (i - inventory)
b - 2 stones (quivered)
Press: ? - help, Shift-Dir - straight line, f/p - gnoll
Aim: a gnoll, wielding a +0 spear (lightly wounded, fast)
You throw a stone. The stone closely misses the gnoll.
The gnoll barely misses you.
The goblin throws a stone.
The stone hits you but does no damage. The gnoll hits you but does no damage.
Throwing (i - inventory)
b - a stone (quivered)
Press: ? - help, Shift-Dir - straight line, f/p - gnoll
Aim: a gnoll, wielding a +0 spear (lightly wounded, fast)
You throw a stone.
The stone hits the gnoll but does no damage.
The gnoll is lightly wounded.
The goblin throws a stone.
The stone hits you but does no damage. The gnoll hits you but does no damage.
Firing (i - inventory) No suitable missiles.
Press: ? - help, Shift-Dir - straight line, f/p - gnoll
Aim: a gnoll, wielding a +0 spear (lightly wounded, fast)
Okay, then.
Firing (i - inventory) No suitable missiles.
Press: ? - help, Shift-Dir - straight line, f/p - gnoll
Aim: a gnoll, wielding a +0 spear (lightly wounded, fast)
Okay, then.
Unknown command.
Are you sure you want to abandon this character and quit the game? (Confirm with "yes".)

##### ......
##########......
#########...............
.............†..♣†g(....
#.................g.....
..##..##.###########....
.........# .=.
...####### # .#### ....#
.##.# .##.#


You could see a gnoll and a goblin.

Vanquished Creatures
  A dart slug (D:1)
  A leopard gecko (D:1)
  A bat (D:1)
  A kobold (D:1)
  2 goblins (D:1)
  A rat (D:1)
7 creatures vanquished.

Notes
Turn   | Place    | Note
-------+----------+-------------------------------------------
     0 | D:1      | tidbits the Gnoll Wanderer began the quest for the Orb.
     0 | D:1      | tidbits set off with the following items: a scroll of
                  | teleportation, a +0 robe, a +0 dagger, a ration; and the
                  | following spells available to memorise: Magic Dart, Blink,
                  | Sandblast, Conjure Flame, Stone Arrow, Mephitic Cloud, Call
                  | Imp, Slow
     0 | D:1      | Reached XP level 1. HP: 17/17 MP: 1/1
   105 | D:2      | Found a sacrificial altar of Ru.
   149 | D:1      | HP: 1/17 [dart slug/slug dart (4)]
   207 | D:1      | Reached XP level 2. HP: 6/23 MP: 2/2
   270 | D:1      | Quit the game

Vault maps used:
D:1:      scummos_arrival_gate
D:2:      lemuel_crystal_altar, chequers_ecumenical_altar_twisty,
          guppyfry_early_orc_mine, uniq_sigmund, uniq_robin, uniq_natasha,
          uniq_terence

Action                   || total
-------------------------++-------
Melee: Dagger            ||    12
       Bite              ||     2
Throw: Stone             ||    18
  Use: Potion            ||     1
  Eat: Ration            ||     1
Armor: Robe              ||     2
       Skin              ||    15
       Ring mail         ||     1
Dodge: Dodged            ||     6

Table legend:
 A = Non-vault XP
 B = Vault XP
 C = Vault XP percentage of total XP
 D = Non-vault monster count
 E = Vault monster count
 F = Vault count percentage of total count
                 A         B        C        D         E       F
            +---------+---------+-------+---------+---------+-------
      Total |      15 |       0 |   0.0 |       7 |       0 |   0.0
            +---------+---------+-------+---------+---------+-------
        D:1 |      15 |       0 |   0.0 |       7 |       0 |   0.0
            +---------+---------+-------+---------+---------+-------

Table legend:
 A = Turns spent in this place as a percentage of turns spent in the entire game.
 B = Non-inter-level travel turns spent in this place as a percentage of non-inter-level travel turns spent in the entire game.
 C = Inter-level travel turns spent in this place as a percentage of turns spent in this place.
 D = Turns resting spent in this place as a percentage of non-inter-level travel turns spent in this place.
 E = Turns spent auto-exploring this place as a percentage of non-inter-level travel turns spent in this place.
 F = Non-inter-level travel turns spent in this place divided by the number of levels of this place that you've seen.
                   A       B       C       D       E      F
               +-------+-------+-------+-------+-------+----------------------
         Total | 100.0 | 100.0 |   0.0 |   0.0 |   0.0 | 135.0
       Dungeon | 100.0 | 100.0 |   0.0 |   0.0 |   0.0 | 135.0
               +-------+-------+-------+-------+-------+----------------------

Table legend:
 A = Kills in this place as a percentage of kills in entire the game.
 B = Kills by you in this place as a percentage of kills by you in the entire game.
 C = Kills by friends in this place as a percentage of kills by friends in the entire game.
 D = Other kills in this place as a percentage of other kills in the entire game.
 E = Experience gained in this place as a percentage of experience gained in the entire game.
 F = Experience gained in this place divided by the number of levels of this place that you have seen.
                   A       B       C       D       E      F
               +-------+-------+-------+-------+-------+----------------------
         Total | 100.0 | 100.0 |   N/A |   N/A | 100.0 |   7.5
       Dungeon | 100.0 | 100.0 |   N/A |   N/A | 100.0 |   7.5
               +-------+-------+-------+-------+-------+----------------------

Vault maps used:
D:1:      scummos_arrival_gate
D:2:      lemuel_crystal_altar, chequers_ecumenical_altar_twisty,
          guppyfry_early_orc_mine, uniq_sigmund, uniq_robin, uniq_natasha,
          uniq_terence
